 Dungeon Crawl Stone Soup version 0.29-a0-857-g9b1aa3ac5b (webtiles) character file.

Game seed: 9629909023520191383

318 gobodom the Gusty (level 6, -2/41 HPs)
             Began as a Demonspawn Air Elementalist on July 16, 2022.
             Slain by an iguana (4 damage)
             ... on level 4 of the Dungeon.
             The game lasted 00:09:25 (4965 turns).

gobodom the Gusty (Demonspawn Air Elementalist)     Turns: 4965, Time: 00:09:25

Health: -2/41      AC:  4    Str:  8    XL:     6   Next: 21%
Magic:  2/10       EV: 11    Int: 19    God:
Gold:   306        SH:  4    Dex: 13    Spells: 5/11 levels left

rFire   + . .      SeeInvis .   c - +0 mace
rCold   + . .      Faith    .   (no shield)
rNeg    + . .      Spirit   .   n - +0 leather armour {rN+}
rPois   +          Reflect  .   (no helmet)
rElec   +          Harm     .   (no cloak)
rCorr   +          Rampage  .   (gloves unavailable)
Will    .....                   q - +0 pair of boots
Stlth   ++........              (no amulet)
HPRegen 0.13/turn               (no ring)
MPRegen 0.12/turn               (no ring)

@: resistant, very slightly contaminated, hasted, very quick
A: large bone plates 1, powered by death 1, demonic touch 3
a: no special abilities


You were on level 4 of the Dungeon.
You visited 1 branch of the dungeon, and saw 4 of its levels.

You collected 306 gold pieces.

Inventory:

Hand Weapons
 c - a +0 mace (weapon)
 s - a +4 sling
 t - a +2 falchion of electrocution
Armour
 a - a +0 robe
 n - a +0 leather armour of positive energy (worn)
 q - a +0 pair of boots (worn)
Scrolls
 b - a scroll of fog {unknown}
 f - 2 scrolls of immolation {unknown}
 h - 2 scrolls of teleportation {unknown}
 j - a scroll of noise {unknown}
 m - 5 scrolls of identify {unknown}
 o - 2 scrolls of enchant weapon {unknown}
 p - a scroll of fear {unknown}
Potions
 d - a potion of mutation {unknown}
 e - a potion of haste
 g - a potion of curing {unknown}
 i - 2 potions of resistance
 k - a potion of flight {unknown}
 l - 2 potions of lignification {unknown}
 r - a potion of brilliance {unknown}
 u - a potion of attraction {unknown}


   Skills:
 + Level 0.2 Fighting
 + Level 1.3 Maces & Flails
 * Level 0.6 Armour
 + Level 1.8 Dodging
 + Level 2.3 Stealth
 + Level 3.2 Spellcasting
 + Level 2.8 Conjurations
 + Level 4.4 Air Magic


You had 5 spell levels left.
You knew the following spells:

 Your Spells              Type           Power      Damage    Failure   Level
a - Shock                 Conj/Air       64%        1d7       4%          1
b - Static Discharge      Conj/Air       16%        3-5/arc   7%          2
c - Swiftness             Air            20%        N/A       10%         3

Your spell library contained the following spells:

 Spells                   Type           Power      Damage    Failure   Level
 Ensorcelled Hibernation  Hex/Ice        6%         N/A       32%         2
 Passwall                 Tmut/Erth      2%         N/A       32%         2
 Airstrike                Air            10%        0-4+      32%         4
 Call Canine Familiar     Summ           3%         N/A       54%         3
 Portal Projectile        Hex/Tloc       6%         N/A       54%         3
 Leda's Liquefaction      Hex/Erth       1%         N/A       91%         4


Dungeon Overview and Level Annotations

Branches:
Dungeon (4/15)
 Temple: D:4-7

Altars:

Shops:
D:1 =


Innate Abilities, Weirdness & Mutations

You are partially covered in large bone plates. (SH +4)
You regenerate a little health from kills.
Your touch may irresistibly damage your foes and sap their willpower.


Message History

The zap hits the centaur.
The centaur is moderately wounded.
The centaur shoots an arrow.
The arrow hits you!
You hear an angry hiss.
The zap hits the centaur.
The centaur is heavily wounded.
The centaur shoots an arrow.
The arrow hits you.
The centaur shoots an arrow.
The arrow closely misses you.
The zap hits the centaur but does no damage.
The centaur is heavily wounded.
The centaur shoots an arrow.
You block the arrow.
An iguana comes into view.
The iguana hisses angrily.
The zap hits the centaur.
The centaur is severely wounded.
The centaur shoots an arrow.
The arrow barely misses you.
The centaur shoots an arrow.
The arrow hits you!
You are too injured to fight recklessly!
The centaur shoots an arrow.
You block the arrow.
The centaur shoots an arrow.
The arrow hits you!
* * * LOW HITPOINT WARNING * * *
The centaur shoots an arrow.
The arrow closely misses you.
Casting: Shock (safe; 4% risk of failure)
Confirm with . or Enter, or press ? or * to list all spells.
You miscast Static Discharge.
You are very lightly contaminated with residual magic.
Nothing appears to happen.
The iguana completely misses you.
Casting: Static Discharge (safe; 7% risk of failure)
Confirm with . or Enter, or press ? or * to list all spells.
The iguana is struck by an arc of lightning.
The iguana is moderately wounded.
You are struck by an arc of lightning.
* * * LOW HITPOINT WARNING * * *
The lightning grounds out.
The iguana bites you!
* * * LOW HITPOINT WARNING * * *
It was a potion of resistance.
You feel protected. The iguana closely misses you.
It was a potion of haste.
You feel yourself speed up. The iguana bites you.
You die...

#...... .. ........... ##..
#............##.#. ##
......<....##....##..
............#.......#
.................... ..
##......#..........#.#......
##.....c...##.......#.#....##
#.†....#.###@................
... #...###l............... .
##.c.l.c...............
##.(.#....#..##.......
#...###.###..#.......
##..##..##.... #...
##.##.......#####...
######.........#.........
#.............##.#.#†#...


You could see a centaur and an iguana.

Vanquished Creatures
  A phantom (D:4)
  A jelly (D:4)
  Terence (D:3)
  An iguana (D:4)
  9 adders
  2 worms (D:2)
  2 dart slugs
  9 orcs
  5 bats
  4 endoplasms
  A giant cockroach (D:4)
  5 goblins
  4 hobgoblins
  2 quokkas
  8 ball pythons
  3 frilled lizards
  8 kobolds
  3 rats
69 creatures vanquished.

Notes
Turn   | Place    | Note
-------+----------+-------------------------------------------
     0 | D:1      | gobodom the Demonspawn Air Elementalist began the quest for
                  | the Orb.
     0 | D:1      | Reached XP level 1. HP: 13/13 MP: 3/3
   216 | D:1      | Reached skill level 3 in Air Magic
   288 | D:1      | Found Egiqeaff's Jewellery Shoppe.
   351 | D:1      | Gained mutation: Your touch may inflict minor irresistible
                  | damage on your foes. [demonic ancestry]
   351 | D:1      | Reached XP level 2. HP: 11/19 MP: 0/5
  1384 | D:2      | Gained mutation: Your touch may inflict irresistible damage
                  | on your foes. [demonic ancestry]
  1384 | D:2      | Reached XP level 3. HP: 24/24 MP: 0/6
  1387 | D:2      | Learned a level 2 spell: Static Discharge
  1391 | D:2      | Learned a level 3 spell: Swiftness
  2067 | D:2      | Gained mutation: You regenerate a little health from kills.
                  | [demonic ancestry]
  2067 | D:2      | Reached XP level 4. HP: 30/30 MP: 5/7
  2301 | D:2      | Found a faded altar of an unknown god.
  2989 | D:3      | Reached skill level 4 in Air Magic
  3551 | D:3      | Noticed Terence
  3562 | D:3      | Killed Terence
  3563 | D:3      | Gained mutation: You are partially covered in large bone
                  | plates. (SH +4) [demonic ancestry]
  3563 | D:3      | Reached XP level 5. HP: 8/35 MP: 1/9
  4199 | D:4      | Reached skill level 1 in Maces & Flails
  4882 | D:4      | Noticed a phantom
  4891 | D:4      | Killed a phantom
  4892 | D:4      | Gained mutation: Your touch may irresistibly damage your
                  | foes and sap their willpower. [demonic ancestry]
  4892 | D:4      | Reached XP level 6. HP: 38/41 MP: 5/10
  4963 | D:4      | HP: 2/41 [iguana (7)]
  4965 | D:4      | Slain by an iguana

Illustrated notes

Levels and vault maps discovered:
D:1:      dpeg_arrival_stone_temple_mockup, layout_loops_ring, serial_shops,
          nicolae_shop_behind_doors
D:2:      layout_basic, chequers_ecumenical_altar_twisty, minmay_split_cup_small
D:3:      layout_loops_ring, saegor_snake_ambush, uniq_terence
D:4:      layout_cave_pools

Skill      XL: |  1  2  3  4  5 |
---------------+----------------+-----
Air Magic      | 3 4 |  4.4
Stealth        | 2 |  2.3
Maces & Flails | 1 |  1.3
Conjurations   | 2 |  2.8
Spellcasting   | 3 |  3.2
Fighting       | |  0.2
Armour         | |  0.6
Dodging        | |  1.8

Action                   |  1- 3 |  4- 6 || total
-------------------------+-------+-------++-------
Melee: Mace              |    10 |    22 ||    32
       Touch             |     3 |     3 ||     6
 Cast: Shock             |    67 |   109 ||   176
       Static Discharge  |     2 |     6 ||     8
  Use: Potion            |     1 |     2 ||     3
Armor: Robe              |     2 |     3 ||     5
       Leather armour    |       |     2 ||     2
Dodge: Dodged            |     7 |    25 ||    32
Block: Other             |       |     5 ||     5

Table legend: (Time is in decaauts)
 A = Elapsed time spent in this place.
 B = Non-inter-level travel time spent in this place.
 C = Inter-level travel time spent in this place.
 D = Time resting spent in this place.
 E = Time spent auto-exploring this place.
 F = Levels seen in this place.
 G = Mean time per level.
                   A        B        C        D        E       F      G
               +--------+--------+--------+--------+--------+-----+--------+
         Total |   4999 |   4880 |    119 |    229 |   4184 |   4 | 1249.8 |
       Dungeon |   4999 |   4880 |    119 |    229 |   4184 |   4 | 1249.8 |
               +--------+--------+--------+--------+--------+-----+--------+

Top non-repeatable levels by time:
     D:3: 1710 daAuts
     D:2: 1362 daAuts
     D:1: 1152 daAuts
     D:4: 774 daAuts
